[Event "ICS rated blitz match"]
[Site "164.58.253.13"]
[Date "1997.01.07"]
[Round "-"]
[White "Brause"]
[Black "CME"]
[Result "1-0"]
[WhiteElo "2355"]
[BlackElo "2017"]
[TimeControl "120+12"]

1. e4 e6 2. d4 d5 3. c4 dxe4 4. Nc3 Nf6 5. f3 c5 6. d5 exd5 7. cxd5
Bd6 8. fxe4 O-O 9. Bg5 Re8 10. Qf3 Nbd7 11. Bb5 Nxe4 12. Bxd8 Nxc3+
13. Be2 Nxe2 14. Nxe2 Ne5 15. Qc3 Rxd8 16. O-O b5 17. b3 Bb7 18. Rf5
Re8 19. Nf4 Ng6 20. Nd3 Rac8 21. Raf1 f6 22. Qa5 Ne7 23. Rh5 Ng6 24.
Qxb5 Ba8 25. Qd7 Ne5 26. Qxd6 Nxd3 27. Qa6 Rcd8 28. Qxd3 1-0

[Event "ICS rated blitz match"]
[Site "164.58.253.13"]
[Date "1997.01.09"]
[Round "-"]
[White "Brause"]
[Black "VBKiller"]
[Result "1-0"]
[WhiteElo "2349"]
[BlackElo "2100"]
[TimeControl "180"]

1. e4 e6 2. d4 d5 3. c4 dxe4 4. Nc3 Nf6 5. f3 exf3 6. Nxf3 Be7 7. Bd3
O-O 8. O-O h6 9. Bf4 c5 10. d5 exd5 11. Nxd5 Nc6 12. Bc7 Qd7 13. Bf4
Nxd5 14. cxd5 Nd4 15. Nxd4 cxd4 16. Qf3 f5 17. d6 Bf6 18. Rfc1 Kh8 19.
Rc7 Qe6 20. Bc4 Qe8 21. Qg3 Qa4 22. d7 Bxd7 23. b3 Qa5 24. Rxd7 d3 25.
Rd1 Qc5+ 26. Be3 Qc6 27. R1xd3 Rac8 28. R3d6 Qe4 29. Rxf6 Qb1+ 30. Bf1
g5 31. Rxh6+ Kg8 32. Qxg5# 1-0

[Event "ICS rated blitz match"]
[Site "164.58.253.13"]
[Date "1997.01.09"]
[Round "-"]
[White "Brause"]
[Black "mega"]
[Result "1-0"]
[WhiteElo "2333"]
[BlackElo "2313"]
[TimeControl "360"]

1. e4 e6 2. d4 d5 3. c4 Bb4+ 4. Nc3 dxe4 5. Be3 Nf6 6. Qb3 Nc6 7. a3
Bxc3+ 8. Qxc3 O-O 9. Be2 h6 10. Rc1 Ne7 11. Nh3 Nf5 12. O-O Qd6 13.
Nf4 Re8 14. Nh5 Nxh5 15. Bxh5 e5 16. d5 c5 17. dxc6 Qxc6 18. Rfd1 Bd7
19. Rd5 Qe6 20. Bg4 Bc6 21. Rd2 Qg6 22. Bxf5 Qxf5 23. b4 a6 24. c5
Rad8 25. Rcd1 Rxd2 26. Rxd2 Kh7 27. Qc4 Qe6 28. Qc3 f5 29. Rd6 Qf7 30.
Bd2 f4 31. Qh3 Rf8 32. Qe6 Qh5 33. Bc3 e3 34. f3 e2 35. Qb3 e4 36. Qc2
Qf5 37. Qxe2 exf3 38. gxf3 Re8 39. Qd3 Qxd3 40. Rxd3 Re3 41. Rxe3 fxe3
42. f4 g5 43. fxg5 hxg5 44. Kf1 Bb5+ 45. Ke1 Kg6 46. Bd4 e2 47. Bf2
Kf5 48. Be3 g4 49. a4 Ke4 50. axb5 axb5 51. Kxe2 1-0

[Event "ICS rated blitz match"]
[Site "164.58.253.13"]
[Date "1997.01.10"]
[Round "-"]
[White "Brause"]
[Black "berend"]
[Result "1-0"]
[WhiteElo "2337"]
[BlackElo "1992"]
[TimeControl "180"]

1. e4 e6 2. d4 d5 3. c4 dxe4 4. Nc3 c5 5. d5 f5 6. Qh5+ g6 7. Qh3 Nf6
8. Bg5 Bg7 9. O-O-O e5 10. Qg3 Nbd7 11. Qh4 h6 12. Bd2 g5 13. Qh3 Nf8
14. Nb5 a6 15. Qa3 Bd7 16. Nd6+ Ke7 17. Qxc5 b6 18. Qa3 Qc7 19. Nb5+
Qc5 20. Bb4 axb5 21. Bxc5+ 1-0

[Event "ICS rated blitz match"]
[Site "164.58.253.13"]
[Date "1997.01.10"]
[Round "-"]
[White "Brause"]
[Black "wangle"]
[Result "0-1"]
[WhiteElo "1880"]
[BlackElo "2341"]
[TimeControl "120+4"]

1. e4 e6 2. d4 d5 3. c4 dxe4 4. Nc3 Nf6 5. f3 Bb4 6. Qa4+ Nc6 7. a3
Bxc3+ 8. bxc3 O-O 9. Qc2 exf3 10. Nxf3 e5 11. d5 Na5 12. Bg5 h6 13.
Be3 c6 14. Bc5 Re8 15. d6 b6 16. Bb4 Nb7 17. Kf2 c5 18. Kg1 Nxd6 19.
Rd1 Qc7 20. Qb3 e4 21. Nd4 Bg4 22. Re1 Rac8 23. h3 Be6 24. g3 Nf5 25.
Nxf5 Bxf5 26. Re3 Rcd8 27. g4 Bg6 28. Rh2 Nd7 29. Rd2 Ne5 30. Rxd8
Rxd8 31. Be2 Rd2 32. g5 hxg5 33. Qa4 Qd7 34. Qxd7 Nxd7 35. Kf2 f5 36.
Rg3 Bh5 37. Re3 Nf6 38. Kf1 f4 39. Rxe4 Nxe4 40. Bxh5 Ng3+ 41. Ke1
Nxh5 42. Kxd2 Kf7 43. Kd3 Ke6 44. a4 cxb4 45. cxb4 Nf6 46. c5 Kd5 47.
cxb6 axb6 48. a5 bxa5 49. bxa5 Kc6 50. Kc4 g4 51. hxg4 Nxg4 52. Kd3 g5
53. Kc3 Ne5 54. Kd4 f3 55. Ke3 g4 56. Kf2 Kb5 57. a6 Kxa6 58. Kg3 Kb5
59. Kf2 Kc4 60. Kg3 Kd3 61. Kf2 Ke4 62. Kg3 Ke3 63. Kh2 f2 64. Kg2 Ke2
65. Kg3 f1=Q 66. Kh4 Qh3+ {66... Qf4 67. Kh5 Kf2 68. Kh4 Qh6#} 67. Kg5
g3 68. Kf6 g2 69. Kxe5 g1=Q 70. Kf6 Qge3 71. Kf7 Qf1+ 72. Kg6 Qg3+ 73.
Kh7 Qfh3# 0-1

[Event "ICS rated blitz match"]
[Site "164.58.253.13"]
[Date "1997.01.14"]
[Round "-"]
[White "Brause"]
[Black "mega"]
[Result "1/2-1/2"]
[WhiteElo "2328"]
[BlackElo "2362"]
[TimeControl "360"]

1. e4 e6 2. d4 d5 3. c4 dxe4 4. Nc3 Nf6 5. f3 Bb4 6. Be3 c5 7. dxc5 Qxd1+
8. Rxd1 Na6 9. c6 bxc6 10. Bd4 exf3 11. Nxf3 c5 12. Bxf6 gxf6 13. Be2 Bb7
14. O-O Ke7 15. Nb5 Rhd8 16. Rxd8 Rxd8 17. Nxa7 Nc7 18. Nb5 Nxb5 19. cxb5
Ba5 20. Bc4 Bc7 21. a4 h6 22. Kf2 f5 23. Kg1 Be4 24. Re1 Kf6 25. Kf2 e5 26.
g3 Bd3 27. b6 Bxb6 28. Nxe5 Be4 29. Ng4+ Kg7 30. Ne3 Rd2+ 31. Re2 Rd4 32.
Kg1 Bc7 33. Rf2 Kg6 34. Bb5 f4 35. gxf4 f5 36. Kf1 Bb1 37. Be8+ Kf6 38. Bc6
Bd3+ 39. Kg1 c4 40. Nd5+ Rxd5 41. Bxd5 Bb6 42. a5 Bxa5 43. Rf3 Bb6+ 44. Kh1
Bd4 45. Rh3 Kg7 46. Rg3+ Kf6 47. b4 Be2 48. Rg8 c3 49. Rc8 Bd3 50. Rh8 c2
51. Rxh6+ Kg7 52. Rc6 Be3 53. Rc7+ Kg6 54. Rc6+ Kg7 55. Rc7+ Kg6 56. Rc6+
Kg7
{Game drawn by repetition} 1/2-1/2

[Event "ICS rated blitz match"]
[Site "164.58.253.13"]
[Date "1997.01.16"]
[Round "-"]
[White "Brause"]
[Black "anica"]
[Result "1-0"]
[WhiteElo "2303"]
[BlackElo "2086"]
[TimeControl "360"]

1. e4 e6 2. d4 d5 3. c4 c6 4. Nc3 Nf6 5. e5 Nfd7 6. Qh5 dxc4 7. Nf3 g6
8. Qg4 b5 9. Be2 Bg7 10. O-O Na6 11. a4 Nc7 12. axb5 cxb5 13. Qe4 Ba6
14. Qc6 Qc8 15. Ne4 Bf8 16. Nf6+ Kd8 17. Nxd7 Qxd7 18. Rxa6 Nxa6 19.
Bg5+ Be7 20. Qxa8+ Qc8 21. Qxc8+ Kxc8 22. Bxe7 1-0

[Event "ICS rated standard match"]
[Site "164.58.253.13"]
[Date "1997.01.17"]
[Round "-"]
[White "Brause"]
[Black "gnusom"]
[Result "1-0"]
[WhiteElo "2192"]
[BlackElo "1836"]
[TimeControl "900"]

1. e4 e6 2. d4 d5 3. c4 dxe4 4. Nc3 Nc6 5. Be3 Nf6 6. d5 exd5 7. cxd5
Ne5 8. Qd4 Qe7 9. Bb5+ Bd7 10. Bxd7+ Nexd7 11. Nge2 Qb4 12. O-O Qxd4
13. Bxd4 Bc5 14. Nb5 O-O-O 15. Rfc1 Bb6 16. Nd6+ Kb8 17. Nxf7 Rhf8 18.
Nxd8 Rxd8 19. Bc3 Nxd5 20. Bxg7 Rg8 21. Rd1 c6 22. Bd4 Bc7 23. Kf1 Ne5
24. Nc1 Ng4 25. h3 Nh2+ 26. Kg1 Nf3+ 27. Kh1 Nh4 28. g3 Bxg3 29. fxg3
Rxg3 30. Be5+ 1-0

[Event "ICS rated lightning match"]
[Site "164.58.253.13"]
[Date "1997.01.17"]
[Round "-"]
[White "Brause"]
[Black "Anky"]
[Result "1-0"]
[WhiteElo "2275"]
[BlackElo "1850"]
[TimeControl "60"]

1. e4 e6 2. d4 d5 3. c4 dxe4 4. Nc3 Nf6 5. f3 exf3 6. Nxf3 Nc6 7. d5
exd5 8. cxd5 Nb4 9. Bb5+ Bd7 10. Qe2+ Be7 11. Ne5 Bxb5 12. Qxb5+ Nc6
13. dxc6 bxc6 14. Qxc6+ Kf8 15. Qc4 Qe8 16. O-O Bd6 17. Nc6 Qe7?? 18.
Nxe7 Bxe7 19. Qxc7 Re8 20. Qxa7 Ng4 21. Qd4 Nf6 22. Bg5 Kg8 23. Rfe1
Bd8 24. Rxe8+ Nxe8 25. Qxd8 {Anky forfeits on time} 1-0

[Event "ICS game"]
[Site "164.58.253.13"]
[Date "1997.01.17"]
[Round "-"]
[White "Brause"]
[Black "mega"]
[Result "0-1"]
[WhiteElo "2298"]
[BlackElo "2382"]
[TimeControl "360"]

1. e4 e6 2. d4 d5 3. c4 dxe4 4. Nc3 Nf6 5. f3 Bb4 6. Be3 c5 7. dxc5
Qa5 8. Bd4 Nc6 9. Bxf6 gxf6 10. Qc1 Qxc5 11. a3 Bxc3+ 12. Qxc3 exf3
13. Nxf3 Ne5 14. Nxe5 Qxe5+ 15. Qxe5 fxe5 16. Be2 Bd7 17. Bh5 Ke7 18.
b4 f5 19. c5 Bc6 20. O-O Rhg8 21. Rf2 Rg5 22. Be2 Rag8 23. g3 h5 24.
b5 Bd5 25. Rc1 h4 26. g4 fxg4 27. Rff1 h3 28. c6 g3 29. Bf3 e4 30. Bd1
e3 31. Rc2 bxc6 32. Re1 gxh2+ 33. Kxh2 Rg2+ 34. Rxg2 hxg2 35. bxc6
Rh8+ 36. Kg3 Rh1 37. Bf3 Rxe1 38. Kxg2 e2 39. Kf2 Rf1+ 40. Kxe2 Rxf3
41. c7 Kd7 42. a4 Kxc7 43. Ke1 Kd6 44. a5 Kc5 45. Ke2 Kd4 46. a6 e5
47. Kd1 Kd3 48. Kc1 Kc3 49. Kd1 Re3 50. Kc1 Re1# 0-1

[Event "ICS rated blitz match"]
[Site "164.58.253.13"]
[Date "1997.01.21"]
[Round "-"]
[White "Brause"]
[Black "RicFlair"]
[Result "1/2-1/2"]
[WhiteElo "2119"]
[BlackElo "2312"]
[TimeControl "120+12"]

1. e4 e6 2. d4 d5 3. c4 dxe4 4. Nc3 Nf6 5. f3 exf3 6. Nxf3 Bb4 7. Qa4+ Nc6
8. Bd3 O-O 9. O-O Bxc3 10. bxc3 e5 11. dxe5 Ng4 12. Qc2 h6 13. Re1 Qe7 14.
Bf4 Qc5+ 15. Kf1 f6 16. e6 Nge5 17. Bxe5 Nxe5 18. e7 Qxe7 19. Be4 c6 20.
Bh7+ Kh8 21. Bd3 Bg4 22. Nxe5 fxe5+ 23. Kg1 Qc5+ 24. Kh1 Rf2 25. Rxe5 Qxe5
26. Qxf2 Qxc3 27. Qf1 Rd8 28. Bg6 Be6 29. Rc1 Qf6 30. Qxf6 gxf6 31. Kg1 b6
32. Rc2 c5 33. Bh5 Rd4 34. Re2 Bxc4 35. Re8+ Kg7 36. Re7+ Kg8 37. Re8+ Kg7
38. Re7+ Kg8 39. Re8+ Kg7
{Game drawn by repetition} 1/2-1/2

[Event "ICS rated blitz match"]
[Site "208.196.3.66"]
[Date "1997.01.21"]
[Round "-"]
[White "Brause"]
[Black "PET"]
[Result "1-0"]
[WhiteElo "1948"]
[BlackElo "1889"]
[TimeControl "300"]

1. e4 e6 2. d4 d5 3. c4 dxe4 4. Nc3 Nf6 5. f3 e3 6. Bxe3 c5 7. dxc5
Qxd1+ 8. Rxd1 Na6 9. Nb5 Bd7 10. Rc1 Be7 11. Nd6+ Bxd6 12. cxd6 O-O
13. Bg5 Rac8 14. b3 Rc6 15. Bxf6 gxf6 16. Rd1 Rd8 17. Rd4 Be8 18. c5
Nxc5 19. Bb5 Rb6 20. Bxe8 Rxe8 21. b4 Nd7 22. a3 e5 23. Rd3 Re6 24.
Rc3 Rexd6 25. Rc7 Kg7 26. Ne2 Nf8 27. Ng3 Rd3 28. Nf5+ Kg6 29. Ne7+
Kh6 30. Nf5+ Kg5 31. Ng3 Ne6 32. h4+ Kf4 33. Nh5+ Ke3 34. Rxf7 Rxa3
35. O-O Rxb4 36. Nxf6 Rb2 37. Rd7 Raa2 38. Nd5+ Kd2 39. Nb4+ Nd4 40.
Nxa2 Rxa2 41. Rf2+ 1-0

[Event "ICS rated bullet match"]
[Site "192.231.221.16"]
[Date "1997.01.22"]
[Round "-"]
[White "Brause"]
[Black "bubbles"]
[Result "1-0"]
[WhiteElo "2028"]
[BlackElo "2019"]
[TimeControl "60"]

1. e4 e6 2. d4 d5 3. c4 Nf6 4. f3 dxe4 5. Qa4+ Bd7 6. Qb3 exf3 7. Nxf3
Bc6 8. Bg5 Nbd7 9. Ne5 Be7 10. Nxc6 bxc6 11. Qa4 O-O 12. Qxc6 Nb6 13.
c5 Qxd4 14. cxb6 Qe5+ 15. Be2 Qxg5 16. bxc7 Rac8 17. Nc3 Bc5 18. Rd1
Qe3 19. Rd2 Qf2+ 20. Kd1 Be3 21. Rd6 Ng4 22. Bxg4 Qxg2?? 23. Qxg2 Bf4
24. Rd7 Bxc7 25. Qe4 f5 {bubbles forfeits on time} 1-0

[Event "ICS rated bullet match"]
[Site "192.231.221.16"]
[Date "1997.01.22"]
[Round "-"]
[White "Brause"]
[Black "bubbles"]
[Result "1-0"]
[WhiteElo "2126"]
[BlackElo "2009"]
[TimeControl "120"]

1. e4 e6 2. d4 d5 3. c4 dxe4 4. Nc3 Nf6 5. f3 Bb4 6. Be3 exf3 7. Qa4+
Nc6 8. Nxf3 Bxc3+ 9. bxc3 O-O 10. Bd3 Bd7 11. Qc2 h6 12. O-O e5 13.
dxe5 Ng4 14. Bf4 Re8 15. Qb3 Rb8 16. c5 Ncxe5 17. Nxe5 Nxe5 18. Bxe5
Rxe5 19. Qxf7+ Kh8 20. Rae1 Rxe1 21. Rxe1 Bc6 22. Re7 Qg8 23. Qg6 Rf8
24. Rxc7 Rf6 25. Qg4 Qd5 26. Qxg7# 1-0

[Event "ICS rated bullet match"]
[Site "192.231.221.16"]
[Date "1997.01.27"]
[Round "-"]
[White "Brause"]
[Black "bubbles"]
[Result "1-0"]
[WhiteElo "2306"]
[BlackElo "2039"]
[TimeControl "120+1"]

1. e4 e6 2. d4 d5 3. c4 dxe4 4. Nc3 Nf6 5. Nge2 c5 6. Bg5 cxd4 7. Nxd4 Be7
8. Qa4+ Bd7 9. Qb3 Nc6 10. O-O-O Qc8 11. Bxf6 Bxf6 12. Nxe4 Nxd4 13. Nxf6+
gxf6 14. Rxd4 O-O 15. Qg3+ Kh8 16. Qh3 f5 17. Rh4
{bubbles resigns} 1-0

[Event "ICS rated blitz match"]
[Site "192.231.221.16"]
[Date "1997.01.27"]
[Round "-"]
[White "Brause"]
[Black "demian"]
[Result "1-0"]
[WhiteElo "2274"]
[BlackElo "1882"]
[TimeControl "300"]

1. e4 e6 2. d4 d5 3. c4 dxe4 4. Nc3 Nf6 5. Nge2 b6 6. Bg5 Be7 7. c5 O-O 8.
cxb6 axb6 9. Bxf6 Bxf6 10. Nxe4 Bb7 11. Nxf6+ Qxf6 12. Qc2 c5 13. dxc5 bxc5
14. Qc3 Nd7 15. Qxf6 Nxf6 16. Nc3 Rfd8 17. Rg1 Nd5 18. Rd1 Nxc3 19. Rxd8+
Rxd8 20. bxc3 Ra8 21. Bc4 Bd5 22. Bxd5 exd5 23. Kd2 Rxa2+ 24. Ke3 Ra7 25.
Rb1 f6 26. Rb8+ Kf7 27. Rc8 c4 28. Kd4 Rd7 29. Rc5 Ke6 30. Rc6+ Rd6 31. Rc7
Ra6 32. Rxg7 Ra2 33. Rxh7 Rxf2 34. Rg7 Rf4+ 35. Kc5 Re4 36. Rg8 Ke5 37. Rd8
Re2 38. Re8+
{demian resigns} 1-0

[Event "ICS rated blitz match"]
[Site "192.231.221.16"]
[Date "1997.01.28"]
[Round "-"]
[White "Brause"]
[Black "mega"]
[Result "1/2-1/2"]
[WhiteElo "2275"]
[BlackElo "2245"]
[TimeControl "360"]

1. e4 e6 2. d4 d5 3. c4 dxe4 4. Nc3 Nf6 5. f3 Bb4 6. Qa4+ Nc6 7. Be3 Bd7 8.
Qc2 e5 9. dxe5 Nxe5 10. Bd4 Qe7 11. O-O-O Bc6 12. fxe4 Bxc3 13. Qxc3 Nxe4
14. Qa5 f6 15. Nf3 b6 16. Qe1 O-O 17. Bxe5 fxe5 18. Bd3 Rf4 19. Kb1 Raf8
20. g3 Rxf3 21. Bxe4 Bxe4+ 22. Qxe4 Qc5 23. Qd5+ Qxd5 24. Rxd5 Re8 25. Rd7
Rf7 26. Rhd1 g6 27. c5 e4 28. c6 e3 29. Re1 Re6 30. h4 h5 31. b3 Kg7 32.
Rf1 Rxd7 33. cxd7 Rd6 34. Re1 Rxd7 35. Rxe3 Kf6 36. Rf3+ Ke5 37. Kc2 c5 38.
Re3+ Kf5 39. Rf3+ Kg4 40. Re3 Rf7 41. Rd3 Rf3 42. Rd7 Rxg3 43. Rxa7 Rf3 44.
Ra4+ Rf4 45. Ra6 Rf6 46. Ra4+ Kg3 47. a3 b5 48. Re4 Rf4 49. Rxf4 Kxf4 50.
a4 bxa4 51. bxa4 Ke4 52. a5 Kd5 53. Kc3 Kd6 54. Kc4 Kc6 55. a6 Kb6 56. a7
Kxa7 57. Kxc5 Kb7 58. Kd6 Kc8 59. Ke6 Kd8 60. Kf7 Kd7 61. Kxg6 Ke7 62. Kg5
Kf7 63. Kf5 Kg7 64. Ke6 Kh7 65. Kf7 Kh6 66. Kf6 Kh7 67. Kg5 Kh8 68. Kf4 Kg8
69. Ke4 Kh8 70. Kd5 Kg8 71. Kd6 Kg7 72. Ke7 Kg6 73. Kd6 Kg7 74. Kc6 Kg6 75.
Kd6 Kf5 76. Kd5 Kg4 77. Ke4 Kxh4 78. Kf4 Kh3 79. Kf3 h4 80. Kf2 Kh2 81. Kf3
h3 82. Kf2 Kh1
{mega ran out of time and Brause has no material to mate} 1/2-1/2

[Event "ICS rated blitz match"]
[Site "192.231.221.16"]
[Date "1997.01.29"]
[Round "-"]
[White "Brause"]
[Black "DNAgene"]
[Result "1-0"]
[WhiteElo "2331"]
[BlackElo "2289"]
[TimeControl "300+3"]

1. e4 e6 2. d4 d5 3. c4 dxe4 4. Nc3 Nc6 5. Be3 Nf6 6. d5 exd5 7. cxd5 Nb4
8. Bc4 Nd3+ 9. Bxd3 exd3 10. Qxd3 c6 11. Bg5 Be7 12. Bxf6 Bxf6 13. Qe4+ Qe7
14. Qxe7+ Bxe7 15. Nf3 O-O 16. dxc6 bxc6 17. Nd4 Bf6 18. O-O-O c5 19. Nc2
Be6 20. Nd5 Bg5+ 21. Nce3 Rfd8 22. f4 Bxd5 23. Nxd5 Bh6 24. g3 g6 25. b3
Bg7 26. Ne7+ Kf8 27. Nc6 Rdc8 28. Rd6 Rc7 29. Rhd1 Re8 30. R1d5 Kg8 31. Rd8
Rxd8 32. Rxd8+ Bf8 33. Ne5 Kg7 34. Kd2 Be7 35. Rd7 Rxd7+ 36. Nxd7 f5 37.
Kd3 Kf7 38. Kc4 Ke6 39. Nxc5+ Kd6 40. b4 Kc6 41. Nb3 h6 42. Nd4+ Kb6 43. a4
a6 44. a5+ Kb7 45. b5 axb5+ 46. Kxb5 Bf6 47. a6+ Ka8 48. Nc6 g5 49. Kc5
gxf4 50. gxf4 Bc3 51. Kd6 h5 52. Ke6 h4 53. a7 h3 54. Kxf5 Bd2 55. Kg4 Kb7
56. f5 Bc3 57. Kh5 Bd2 58. f6
{DNAgene resigns} 1-0

[Event "ICS game"]
[Site "192.231.221.16"]
[Date "1997.01.30"]
[Round "-"]
[White "Brause"]
[Black "Sailor"]
[Result "1-0"]
[WhiteElo "1823"]
[BlackElo "1671"]
[TimeControl "300"]

1. e4 e6 2. d4 d5 3. c4 dxe4 4. Nc3 b6 5. Nxe4 Bb7 6. Nc3 Nf6 7. Bg5 Be7 8.
c5 h6 9. Bf4 O-O 10. cxb6 cxb6 11. Nf3 Bb4 12. Rc1 Nd5 13. Bd2 Nxc3 14.
Bxc3 Bxc3+ 15. Rxc3 Nd7 16. Bb5 a6 17. Be2 b5 18. O-O Qa5 19. a3 Rac8 20.
b4 Qb6 21. Qd3 Rxc3 22. Qxc3 Rc8 23. Qe3 Bd5 24. Ne5 Nxe5 25. Qxe5 Rc3 26.
Ra1 Qc6 27. Bf1 Rc1 28. Rxc1 Qxc1 29. Qe3 Qxe3 30. fxe3 f5 31. Bd3 Kf7 32.
h3 g5 33. Be2 Ke7 34. Kf2 Kd6 35. g4 f4 36. exf4 gxf4 37. Bf3 Bc4 38. Bb7
e5 39. dxe5+ Kxe5 40. Bxa6 Kd4 41. Kf3 Ke5 42. Bb7 Bf1 43. Bc6 Bc4 44. a4
bxa4 45. Bxa4 Bd5+ 46. Kf2 Kf6 47. Bd1 Kg5 48. b5 Kh4 49. Bf3 Bc4 50. b6
Ba6 51. b7 Bxb7 52. Bxb7 h5 53. Kf3 hxg4+ 54. hxg4 Kg5 55. Bd5 Kh4 56. Kxf4
{Sailor resigns} 1-0

[Event "ICS rated blitz match"]
[Site "192.231.221.16"]
[Date "1997.01.30"]
[Round "-"]
[White "Brause"]
[Black "DNAgene"]
[Result "1-0"]
[WhiteElo "2339"]
[BlackElo "2261"]
[TimeControl "300+3"]

1. e4 e6 2. d4 d5 3. c4 dxe4 4. Nc3 Nf6 5. f3 exf3 6. Nxf3 Bb4 7. Bg5 O-O
8. Qb3 Be7 9. O-O-O c6 10. Kb1 h6 11. Bf4 b6 12. Bd3 Bb7 13. Ne5 Nbd7 14.
Rhf1 Qc8 15. Nxd7 Qxd7 16. Bc2 Rad8 17. Rf3 Bd6 18. Bxh6 gxh6 19. Rxf6 Kg7
20. Ne4 Be7 21. Qg3+ Kh7 22. Nc5+
{DNAgene resigns} 1-0

[Event "ICS rated blitz match"]
[Site "192.231.221.16"]
[Date "1997.01.30"]
[Round "-"]
[White "Brause"]
[Black "DNAgene"]
[Result "1-0"]
[WhiteElo "2362"]
[BlackElo "2238"]
[TimeControl "300+3"]

1. e4 e6 2. d4 d5 3. c4 dxe4 4. Nc3 Nf6 5. Be3 Be7 6. Qc2 O-O 7. Nge2 Nbd7
8. Nxe4 Nxe4 9. Qxe4 Nf6 10. Qf4 Bb4+ 11. Nc3 Qd6 12. Qxd6 Bxc3+ 13. bxc3
cxd6 14. Bd3 b6 15. Bf4 Rd8 16. Bg5 Ba6 17. Bxf6 gxf6 18. a4 Rac8 19. a5
Bxc4 20. Bxc4 Rxc4 21. axb6 axb6 22. Kd2 Rdc8 23. Rhc1 b5 24. g3 b4 25.
cxb4 Rxd4+ 26. Ke3 Rxc1 27. Ra8+ Kg7 28. Kxd4 Rc2 29. Ke3 Rb2 30. Rb8 f5
31. Rb7 Kf6 32. b5 h5 33. Kf3 d5 34. Ke3 Rb4 35. b6 h4 36. gxh4 Rxh4 37.
Rc7 Rb4 38. b7 e5 39. Kd2 d4 40. h4 e4 41. Kc2
{DNAgene forfeits on time} 1-0

[Event "ICS rated blitz match"]
[Site "192.231.221.16"]
[Date "1997.01.31"]
[Round "-"]
[White "Brause"]
[Black "DNAgene"]
[Result "1/2-1/2"]
[WhiteElo "2367"]
[BlackElo "2233"]
[TimeControl "300"]

1. e4 e6 2. d4 d5 3. c4 dxe4 4. Nc3 Nf6 5. Be3 Be7 6. Be2 O-O 7. Nh3 Nbd7
8. O-O b6 9. Qb1 Bb7 10. Ng5 c5 11. b3 cxd4 12. Bxd4 Nc5 13. Rd1 Qc7 14.
Bxc5 Bxc5 15. Ncxe4 Nxe4 16. Nxe4 Bxe4 17. Qxe4 Rad8 18. Bd3 g6 19. Bf1
Rxd1 20. Rxd1 Rd8 21. Bd3 a5 22. Rd2 Qd6 23. Qh4 Qe7 24. Qf4 Qd6 25. Qg5
Qe7 26. Qe5 Qd6 27. Qxd6 Rxd6 28. Kf1 Kg7 29. g3 f5 30. f4 Kf6 31. Ke2 e5
32. fxe5+ Kxe5 33. Kf3 Kf6 34. Kf4 Rd4+ 35. Kf3 Rd6 36. Kf4 Rd4+ 37. Kf3
Rd6
{Game drawn by repetition} 1/2-1/2

[Event "ICS rated blitz match"]
[Site "192.231.221.16"]
[Date "1997.01.31"]
[Round "-"]
[White "Brause"]
[Black "DNAgene"]
[Result "1-0"]
[WhiteElo "2372"]
[BlackElo "2228"]
[TimeControl "180"]

1. e4 e6 2. d4 d5 3. c4 dxe4 4. Nc3 Nf6 5. Nge2 b6 6. Bg5 Bb7 7. d5 exd5 8.
cxd5 Be7 9. Bxf6 Bxf6 10. Qa4+ Nd7 11. Qxe4+ Qe7 12. Qxe7+ Bxe7 13. Nd4 O-O
14. Bb5 Nf6 15. Bc6 Bxc6 16. Nxc6 Bc5 17. O-O a5 18. Rfe1 Rfe8 19. a3 Rxe1+
20. Rxe1 Re8 21. Rxe8+ Nxe8 22. Ne4 Bf8 23. Kf1 Nd6 24. Nxd6 Bxd6 25. Ke2
Kf8 26. g3 Ke8 27. Kd3 Kd7 28. b4 axb4 29. axb4 f5 30. Kd4 f4 31. Ke4 fxg3
32. hxg3 g6 33. f4 h5 34. b5 Ke8 35. Ne5 Bxe5 36. fxe5 Kf7 37. Kf4 Kg7 38.
Kg5 Kf7 39. Kh6
{DNAgene resigns} 1-0

[Event "ICS rated blitz match"]
[Site "192.231.221.16"]
[Date "1997.01.31"]
[Round "-"]
[White "Brause"]
[Black "DNAgene"]
[Result "0-1"]
[WhiteElo "2360"]
[BlackElo "2191"]
[TimeControl "300+12"]

1. e4 e6 2. d4 d5 3. c4 dxe4 4. Nc3 Nf6 5. Be3 Be7 6. Qc2 O-O 7. Nge2 b6 8.
Nxe4 Bb7 9. Nxf6+ Bxf6 10. b3 Nd7 11. Nc3 c5 12. Rd1 cxd4 13. Bxd4 Bxd4 14.
Rxd4 Qe7 15. Nb5 Nf6 16. Qd3 Rfd8 17. Nd6 Bc6 18. a4 Ne8 19. Nxe8 Rxd4 20.
Qxd4 Rxe8 21. Qd3 Rd8 22. Qc2 Qb4+ 23. Ke2 f5 24. f3 e5 25. Qa2 f4 26. Qc2
Be8 27. a5 Bg6 28. Qc1 Qxa5 29. c5 Qa2+ 30. Ke1 Qa5+ 31. Ke2 bxc5 32. Kf2
Qd2+ 33. Qxd2 Rxd2+ 34. Be2 Bd3 35. Re1 Rxe2+ 36. Rxe2 Bxe2 37. Kxe2 Kf7
38. Kd3 Ke6 39. Kc4 Kd6 40. Kb5 Kd5 41. Ka6 c4 42. bxc4+ Kxc4 43. Kxa7 Kd3
44. Kb6 Ke3 45. Kc6 Kf2 46. Kd5 Kxg2 47. Kxe5 Kxf3 48. Ke6 Kg4 49. Kf7 f3
50. Kxg7 f2 51. Kf6 f1=Q+ 52. Ke6 Qd3 53. Ke5 h5 54. Ke6 Qd4 55. h3+ Kxh3
56. Kf5 Kg3 57. Ke6 Kf4 58. Ke7 Qb6 59. Kf7 Kf5 60. Ke7 Qc7+ 61. Kf8 Kf6
62. Kg8 Qg7#
{Brause checkmated} 0-1

[Event "ICS rated blitz match"]
[Site "192.231.221.16"]
[Date "1997.01.31"]
[Round "-"]
[White "Brause"]
[Black "lpablo"]
[Result "1-0"]
[WhiteElo "2291"]
[BlackElo "2159"]
[TimeControl "300"]

1. e4 e6 2. d4 d5 3. c4 dxe4 4. Nc3 Nf6 5. Nge2 Nc6 6. d5 exd5 7. cxd5 Nb4
8. Nf4 Bc5 9. a3 Nd3+ 10. Bxd3 exd3 11. O-O O-O 12. Qxd3 Re8 13. Qc4 Bd6
14. Nd3 Bf5 15. Nc5 Bxc5 16. Qxc5 c6 17. dxc6 Qd3 18. cxb7 Rab8 19. Bg5
Rxb7 20. Bxf6 gxf6 21. Nd5 Kg7 22. Qc6 Be6 23. Qxb7 Bxd5 24. Qxa7 Qg6 25.
f3 Re2 26. Rf2 Bxf3 27. Rxe2 Bxe2 28. Qe3
{lpablo resigns} 1-0

[Event "ICS rated blitz match"]
[Site "164.58.253.13"]
[Date "1997.02.01"]
[Round "-"]
[White "Brause"]
[Black "Vampire"]
[Result "1-0"]
[WhiteElo "2315"]
[BlackElo "1928"]
[TimeControl "180+6"]

1. e4 e6 2. d4 d5 3. c4 dxe4 4. Nc3 Nf6 5. Nge2 c5 6. Bg5 cxd4 7. Qxd4 Qxd4
8. Nxd4 Bb4 9. Nb5 Na6 10. O-O-O Bd7 11. Bxf6 gxf6 12. Nxe4 Ke7 13. Nxf6
Bxb5 14. cxb5 Rac8+ 15. Kb1 Nc7 16. Ng4 Rhg8 17. h3 Nd5 18. g3 Bc5 19. Bg2
Rcd8 20. Bxd5 Rxd5 21. Rxd5 exd5 22. Rc1 Bb6 23. Re1+ Kd6 24. Nh6 Rf8 25.
f4 f5 26. Re5 d4 27. Nxf5+ Kc7 28. Kc2 Rf7 29. a4 Rd7 30. Kd3 Kd8 31. Re4
Rc7 32. Nxd4 Rc1 33. Ne6+ Kd7 34. Nf8+ Kd6 35. Nxh7 Rg1 36. g4 Rg3+ 37. Kc4
Rxh3 38. Ng5 Rg3 39. Nf7+ Kd7 40. f5 Rg1 41. Ne5+ Kd6 42. f6 Rc1+ 43. Kd3
Rf1 44. Nc4+ Kd7 45. Re7+ Kd8 46. g5
{Vampire forfeits on time} 1-0

[Event "ICS unrated blitz match"]
[Site "164.58.253.13"]
[Date "1997.02.01"]
[Round "-"]
[White "Brause"]
[Black "Chamaco"]
[Result "1-0"]
[WhiteElo "2311"]
[BlackElo "1960"]
[TimeControl "300"]

1. e4 e6 2. d4 d5 3. c4 dxe4 4. Nc3 Nf6 5. Nge2 b6 6. Bg5 Bb7 7. d5 exd5 8.
cxd5 Bc5 9. Nxe4 Nxe4 10. Qa4+ Qd7 11. Qxe4+ Kf8 12. Nc3 f6 13. Bf4 Kf7 14.
Bb5 c6 15. dxc6 Nxc6 16. O-O Qe6 17. Bc4
{Chamaco resigns} 1-0

[Event "ICS rated blitz match"]
[Site "164.58.253.13"]
[Date "1997.02.02"]
[Round "-"]
[White "Brause"]
[Black "bauer"]
[Result "1-0"]
[WhiteElo "2291"]
[BlackElo "1446"]
[TimeControl "180+12"]

1. e4 e6 2. d4 d5 3. c4 dxe4 4. Nc3 Nf6 5. Nge2 Be7 6. Qc2 O-O 7. Nxe4 Nbd7
8. Bf4 b6 9. N2c3 a6 10. Be2 Bb7 11. O-O c5 12. Rad1 cxd4 13. Rxd4 Qe8 14.
Nd6 Bxd6 15. Bxd6
{bauer resigns} 1-0

[Event "ICS rated blitz match"]
[Site "164.58.253.13"]
[Date "1997.02.02"]
[Round "-"]
[White "Brause"]
[Black "bauer"]
[Result "1-0"]
[WhiteElo "2289"]
[BlackElo "1446"]
[TimeControl "120+12"]

1. e4 e6 2. d4 d5 3. c4 dxe4 4. Nc3 Bb4 5. f3 exf3 6. Nxf3 Bxc3+ 7. bxc3
Nf6 8. Bd3 O-O 9. O-O Nbd7 10. Bg5 h6 11. Bh4 c5 12. Ne5 cxd4 13. Nxd7 Bxd7
14. Bxf6 gxf6 15. Qg4+ Kh8 16. Qxd4 Rg8 17. Rxf6 Rg7 18. Rxf7
{bauer resigns} 1-0

[Event "ICS rated blitz match"]
[Site "164.58.253.13"]
[Date "1997.02.03"]
[Round "-"]
[White "Brause"]
[Black "pooter"]
[Result "1-0"]
[WhiteElo "2288"]
[BlackElo "2091"]
[TimeControl "120+12"]

1. e4 e6 2. d4 d5 3. c4 dxe4 4. Nc3 Nf6 5. Nge2 Bb4 6. a3 Bxc3+ 7. Nxc3 b6
8. Bg5 Bb7 9. d5 exd5 10. cxd5 O-O 11. Bc4 Nbd7 12. O-O h6 13. Bh4 Ne5 14.
Ba2 Ng6 15. Bxf6 Qxf6 16. Qc2 Rfe8 17. Nxe4 Qf5 18. f3 Bxd5 19. Bxd5 Qxd5
20. Qxc7 Qd4+ 21. Rf2 Rac8 22. Qxa7 Nf4 23. Kf1 Rcd8 24. Nc3 Nd3 25. Rd2
Qh4 26. Ne4 Qxh2 27. Qxb6 Qh1+ 28. Qg1 Qh4 29. Rad1 Rxe4 30. fxe4 Qf4+ 31.
Rf2
{pooter forfeits on time} 1-0